 Dungeon Crawl Stone Soup version 0.21-a0-221-gfe971b9 (webtiles) character file.

11 tidbits the Insei (level 2, -1/22 HPs)
             Began as a Demigod Transmuter on Aug 26, 2017.
             Slain by a leopard gecko (5 damage)
             ... on level 2 of the Dungeon.
             The game lasted 00:02:29 (299 turns).

tidbits the Insei (Demigod Transmuter)               Turns: 299, Time: 00:02:30

Health: -1/22      AC:  2    Str: 13    XL:     2   Next: 6%
Magic:  6/7        EV: 12    Int: 17    God:
Gold:   20         SH:  0    Dex: 16    Spells: 2/5 levels left

rFire    . . .     SeeInvis .   a - +0 short sword (elec)
rCold    . . .     Gourm    .   (no shield)
rNeg     . . .     Faith    .   b - +0 robe
rPois    .         Spirit   .   (no helmet)
rElec    .         Reflect  .   (no cloak)
rCorr    .         Harm     .   (no gloves)
MR       .....                  (no boots)
Stlth    +.........             (no amulet)
HPRegen  0.07/turn              (no ring)
MPRegen  0.10/turn              (no ring)

@: appendage
A: horns 2, high mp 1
a: End Transformation


You were on level 2 of the Dungeon.
You were not hungry.
You had grown temporary horns.
You visited 1 branch of the dungeon, and saw 2 of its levels.

You collected 20 gold pieces.

Inventory:

Hand Weapons
 a - a +0 short sword of electrocution (weapon)
   (You found it on level 1 of the Dungeon)
Missiles
 k - 35 arrows
Armour
 b - a +0 robe (worn)
 h - a +0 buckler
Scrolls
 e - a scroll of teleportation {unknown}
 i - a scroll of recharging {unknown}
Potions
 f - 2 potions of cancellation {unknown}
 g - a potion of brilliance {unknown}
Books
 c - a book of Changes

   Spells                             Type                      Level
   a - Beastly Appendage              Transmutation                1
   b - Sticks to Snakes               Transmutation                2
   c - Spider Form                    Transmutation/Poison         3
   d - Ice Form                       Ice/Transmutation            4
   e - Blade Hands                    Transmutation                5
Comestibles
 d - 3 bread rations
 j - a royal jelly


   Skills:
 + Level 0.8 Fighting
 - Level 1.7 Dodging
 - Level 2.8 Unarmed Combat
 - Level 2.1 Spellcasting
 + Level 2.1 Transmutations


You had 2 spell levels left.
You knew the following spells:

 Your Spells              Type           Power        Failure   Level  Hunger
e - Beastly Appendage     Tmut           #.....       9%          1    #......
k - Sticks to Snakes      Tmut           #.......     12%         2    ###....


Dungeon Overview and Level Annotations

Branches:
Dungeon (2/15)


Innate Abilities, Weirdness & Mutations

You have an increased reservoir of magic. (+10% MP)
You have a pair of horns on your head.


Message History

You hit the dart slug but do no damage.
You claw the dart slug, but do no damage.
The dart slug is almost dead.
You hit the dart slug but do no damage.
The dart slug is almost dead.
The dart slug bites you.
You hit the dart slug.
You kill the dart slug!
Your Transmutations skill increases to level 2!
Your transformation is almost over.
There is an open door here.
Your talons disappear.
Things that are here:
a dagger; a goblin corpse A giant cockroach comes into view.
Casting: Beastly Appendage
Confirm with . or Enter, or press ? or * to list all spells.
You grow a pair of large bovine horns.
You barely miss the giant cockroach.
The giant cockroach bites you but does no damage.
You closely miss the giant cockroach.
Your transformation is almost over.
The giant cockroach misses you.
You hit the giant cockroach.
The giant cockroach is severely wounded.
The giant cockroach misses you.
You barely miss the giant cockroach.
The giant cockroach is severely wounded.
The giant cockroach bites you.
You hit the giant cockroach.
You kill the giant cockroach!
You see here a giant cockroach corpse.
Your horns disappear.
Found a royal jelly.
A leopard gecko comes into view.
You see here a royal jelly.
You see here a royal jelly.
j - a royal jelly
Casting: Beastly Appendage
Confirm with . or Enter, or press ? or * to list all spells.
You grow a pair of large bovine horns.
The leopard gecko hisses angrily.
Found a runed short sword.
You miss the leopard gecko. The leopard gecko bites you.
The leopard gecko hisses menacingly.
The leopard gecko closely misses you.
You hit the leopard gecko.
The leopard gecko is almost dead.
The leopard gecko bites you.
You closely miss the leopard gecko.
You headbutt the leopard gecko, but do no damage.
The leopard gecko is almost dead.
The leopard gecko misses you.
You hit the leopard gecko.
You kill the leopard gecko!
You have reached level 2!
Memorise Sticks to Snakes, consuming 2 spell levels and leaving 2?
You start memorising the spell.
You continue memorising. x2
Your transformation is almost over.
You finish memorising.
Spell assigned to 'k'.
You see here a leopard gecko corpse.
Found 8 gold pieces.
You see here a runed short sword.
k - a runed short sword Wield which item (- for none, * to show all)? (? for menu, Esc to quit)
You hear the crackle of electricity.
k - a +0 short sword of electrocution (weapon)
Adjust (i)tems, (s)pells, or (a)bilities?
Adjust which item? (? for menu, Esc to quit)
k - a +0 short sword of electrocution (weapon)
Adjust to which letter? (? for menu, Esc to quit)
a - a +0 short sword of electrocution (weapon)
k - 35 arrows Unknown command.
Your horns disappear.
You now have 20 gold pieces (gained 8).
Found a stone staircase leading down.
There is a stone staircase leading down here.
You climb downwards.
A leopard gecko and 2 rats come into view.
Found 11 gold pieces.
Found a stone staircase leading down.
There is a stone staircase leading up here.
Casting: Beastly Appendage
Confirm with . or Enter, or press ? or * to list all spells.
You grow a pair of large bovine horns.
The leopard gecko bites you but does no damage.
You barely miss the leopard gecko. The leopard gecko barely misses you.
The rat bites you.
You completely miss the leopard gecko. The leopard gecko closely misses you.
The rat bites you.
You closely miss the leopard gecko. The leopard gecko bites you.
The rat bites you. The leopard gecko bites you.
* * * LOW HITPOINT WARNING * * *
The rat closely misses you.
You barely miss the leopard gecko. The leopard gecko bites you.
* * * LOW HITPOINT WARNING * * *
The rat bites you.
* * * LOW HITPOINT WARNING * * *
The leopard gecko bites you.
You die...

#. .....#
##.###.....#
#...#.......
#...#.......
.####..>#.......
..r.$...........
........<.$...#
####.rl#######
#..@# #...#
#####


You could see a leopard gecko and 2 rats.

Vanquished Creatures
  A dart slug (D:1)
  A leopard gecko (D:1)
  A giant cockroach (D:1)
  A goblin (D:1)
  A hobgoblin (D:1)
  2 kobolds (D:1)
7 creatures vanquished.

Notes
Turn   | Place    | Note
-------+----------+-------------------------------------------
     0 | D:1      | tidbits the Demigod Transmuter began the quest for the Orb.
     0 | D:1      | Reached XP level 1. HP: 15/15 MP: 5/5
    30 | D:1      | Reached skill level 2 in Spellcasting
   169 | D:1      | Reached skill level 2 in Transmutations
   244 | D:1      | Reached XP level 2. HP: 16/22 MP: 5/7
   248 | D:1      | Learned a level 2 spell: Sticks to Snakes
   299 | D:2      | Slain by a leopard gecko

Vault maps used:
D:1:      scummos_arrival_star, minmay_curled_crystal, minivault_11, minivault_5
D:2:      gammafunk_temple_overflow_statue, first_bread

Skill      XL: |  1 |
---------------+----+-----
Spellcasting   | 2 |  2.1
Transmutations | 2 |  2.1
Fighting       | |  0.8
Dodging        | |  1.7
Unarmed Combat | |  2.8

Action                   || total
-------------------------++-------
Melee: Unarmed           ||    28
       Kick              ||     4
       Headbutt          ||     4
       Short sword       ||     4
 Cast: Beastly Appendage ||     6
Armor: Robe              ||     2
Dodge: Dodged            ||    18

Table legend:
 A = Spawn XP
 B = Non-spawn XP
 C = Spawn XP percentage of total XP
 D = Spawn monster count
 E = Non-spawn monster count
 F = Spawn count percentage of total count
 G = Total turns spent on level
                    A         B        C        D         E        F      G
               +---------+---------+-------+---------+---------+-------+---------
         Total |       2 |      15 |  11.8 |       1 |       6 |  14.3 |   299
               +---------+---------+-------+---------+---------+-------+---------
           D:1 |       2 |      15 |  11.8 |       1 |       6 |  14.3 |   292
               +---------+---------+-------+---------+---------+-------+---------

Table legend:
 A = Turns spent in this place as a percentage of turns spent in the entire game.
 B = Non-inter-level travel turns spent in this place as a percentage of non-inter-level travel turns spent in the entire game.
 C = Inter-level travel turns spent in this place as a percentage of turns spent in this place.
 D = Turns resting spent in this place as a percentage of non-inter-level travel turns spent in this place.
 E = Turns spent auto-exploring this place as a percentage of non-inter-level travel turns spent in this place.
 F = Non-inter-level travel turns spent in this place divided by the number of levels of this place that you've seen.
                   A       B       C       D       E      F
               +-------+-------+-------+-------+-------+----------------------
         Total | 100.0 | 100.0 |   6.7 |   0.0 |   0.0 | 139.5
       Dungeon | 100.0 | 100.0 |   6.7 |   0.0 |   0.0 | 139.5
               +-------+-------+-------+-------+-------+----------------------

Table legend:
 A = Kills in this place as a percentage of kills in entire the game.
 B = Kills by you in this place as a percentage of kills by you in the entire game.
 C = Kills by friends in this place as a percentage of kills by friends in the entire game.
 D = Other kills in this place as a percentage of other kills in the entire game.
 E = Experience gained in this place as a percentage of experience gained in the entire game.
 F = Experience gained in this place divided by the number of levels of this place that you have seen.
                   A       B       C       D       E      F
               +-------+-------+-------+-------+-------+----------------------
         Total | 100.0 | 100.0 |   N/A |   N/A | 100.0 |   8.5
       Dungeon | 100.0 | 100.0 |   N/A |   N/A | 100.0 |   8.5
               +-------+-------+-------+-------+-------+----------------------

Vault maps used:
D:1:      scummos_arrival_star, minmay_curled_crystal, minivault_11, minivault_5
D:2:      gammafunk_temple_overflow_statue, first_bread
